 Dungeon Crawl Stone Soup version 0.21.1-1-g345015f (webtiles) character file.

4476 keltmir the Spear-Bearer (level 10, -5/77 HPs)
             Began as a Demonspawn Gladiator on Mar 25, 2018.
             Was a Priest of Qazlal.
             Splashed by an oklob plant's acid (16 damage)
             ... on level 8 of the Dungeon.
             The game lasted 00:30:15 (7816 turns).

keltmir the Spear-Bearer (Demonspawn Gladiator)     Turns: 7816, Time: 00:30:17

Health: -5/77      AC:  0    Str: 20    XL:     10   Next: 15%
Magic:  16/16      EV: 12    Int:  9    God:    Qazlal [***...]
Gold:   546        SH:  4    Dex: 21    Spells: 9/9 levels left

rFire    . . .     SeeInvis .   a - +0 trident
rCold    . . .     Gourm    .   (no shield)
rNeg     . . .     Faith    .   u - +1 ring mail
rPois    .         Spirit   .   c - +0 helmet
rElec    .         Reflect  .   (no cloak)
rCorr    .         Harm     .   (no gloves)
MR       .....                  (no boots)
Stlth    ++........             m - amulet of regeneration
HPRegen  0.62/turn              d - +2 ring of strength
MPRegen  0.15/turn              g - +3 ring of slaying

@: corroded, drained
A: hooves 2, thin skeletal structure 3, spiny 2
a: Upheaval, Elemental Force, Renounce Religion


You were on level 8 of the Dungeon.
You worshipped Qazlal.
Qazlal was most pleased with you.
You were not hungry.

You visited 1 branch of the dungeon, and saw 8 of its levels.

You collected 699 gold pieces.
You spent 153 gold pieces at shops.

Inventory:

Hand Weapons
 a - a +0 trident (weapon)
Missiles
 q - 10 tomahawks (quivered)
Armour
 c - a +0 helmet (worn)
 u - a +1 ring mail (worn)
Jewellery
 d - a +2 ring of strength (left hand)
 g - a +3 ring of slaying (right hand)
 m - an amulet of regeneration (around neck)
 t - an uncursed ring of magical power
 z - an uncursed ring of protection from magic
 K - an uncursed ring of see invisible
 L - an uncursed ring of stealth
 M - an uncursed ring of wizardry
Wands
 x - a wand of enslavement (1)
 y - a wand of random effects (19)
 F - a wand of paralysis (13)
Scrolls
 k - 5 scrolls of teleportation
 v - 3 scrolls of remove curse
 B - a scroll of enchant weapon
 C - a scroll of amnesia
 E - a scroll of brand weapon {unknown}
 H - a scroll of enchant armour
 J - a scroll of blinking {unknown}
Potions
 e - 2 potions of mutation
 h - 2 potions of haste
 i - a potion of berserk rage
 j - 4 potions of curing
 l - 3 potions of resistance
 o - 2 potions of cancellation
 p - 2 potions of lignification
 s - a potion of agility {unknown}
 w - 2 potions of flight
 A - 3 potions of might
 D - a potion of heal wounds
 I - a potion of experience {unknown}
Books
 b - a book of Conjurations

   Spells                             Type                      Level
   a - Magic Dart                     Conjuration                  1
   b - Searing Ray                    Conjuration                  2
   c - Dazzling Spray                 Conjuration/Hexes            3
   d - Fulminant Prism                Conjuration/Hexes            4
   e - Force Lance                    Conjuration/Translocation    4
   f - Iskenderun's Mystic Blast      Conjuration                  4
 r - a book of Maledictions

   Spells                             Type                      Level
   a - Corona                         Hexes                        1
   b - Ensorcelled Hibernation        Hexes/Ice                    2
   c - Confuse                        Hexes                        3
   d - Tukima's Dance                 Hexes                        3
   e - Dazzling Spray                 Conjuration/Hexes            3
 G - a book of Clouds

   Spells                             Type                      Level
   a - Poisonous Vapours              Poison/Air                   2
   b - Mephitic Cloud                 Conjuration/Poison/Air       3
   c - Conjure Flame                  Conjuration/Fire             3
   d - Freezing Cloud                 Conjuration/Ice/Air          6
   e - Ring of Flames                 Charms/Fire                  7
Comestibles
 f - 24 rations
 n - 9 chunks of flesh


   Skills:
 + Level 6.9(6.8) Fighting
 * Level 9.2(9.1) Polearms
 - Level 1.7(1.6) Throwing
 + Level 5.9 Armour
 - Level 2.6 Dodging
 + Level 8.4(8.3) Invocations


You had 9 spell levels left.
You didn't know any spells.

Dungeon Overview and Level Annotations

Branches:
Dungeon (8/15)             Temple (0/1) D:7
   Lair: D:8-11

Altars:
Cheibriados
Dithmenos
Elyvilon
Gozag
Makhleb
Nemelex Xobeh
Qazlal
Ru
Vehumet
Xom
Zin
The Shining One

Shops:
D:4 **   D:5 (   D:7 [   D:8 !

Annotations:
D:4 Mgcat's ghost, novice GnTm
D:8 exclusion: oklob plant


Innate Abilities, Weirdness & Mutations

You have hoof-like feet.
You have an unnaturally thin skeletal structure. (Dex +6, Stealth++)
You are mostly covered in sharp spines.


Message History

You hit the oklob plant.
You kick the oklob plant, but do no damage.
The oklob plant is lightly damaged.
You hit the oklob plant but do no damage.
You kick the oklob plant.
The oklob plant is lightly damaged.
You hit the oklob plant but do no damage.
You kick the oklob plant.
The oklob plant is lightly damaged.
You hit the oklob plant but do no damage.
You kick the oklob plant.
The oklob plant is moderately damaged.
You hit the oklob plant.
You kick the oklob plant, but do no damage.
The oklob plant is moderately damaged.
The oklob plant spits acid at you. The splash of acid hits you!
* * * LOW HITPOINT WARNING * * *
The acid corrodes you!
You are splashed with acid!
The acid burns!
You die...

..... #.#......#. #....
#.#......##
##....########.#......#
#..............#......##
+.......................
#............†..........
#..........(..##########
#....≈.§...(..#
#.....P@§≈≈≈..#
#....P_P§≈≈≈..#
#.....P(......#
#.............#
#.............#
############### ## .. #.


You could see an oklob plant.

Vanquished Creatures
  A two-headed ogre (D:8)
  Pikel (D:7)
  Sigmund (D:3)
  Eustachio (D:8)
  A steam dragon (D:7)
  Menkaure (D:7)
  A sky beast (D:5)
  4 ice beasts
  3 phantoms
  3 ogres
  4 centaurs
  A bullfrog (D:8)
  A scorpion (D:2)
  6 howler monkeys
  5 crimson imps
  3 quasits (D:6)
  A jelly (D:6)
  4 centaur zombies
  An orc priest (D:3)
  4 hounds
  2 bullfrog skeletons
  A gnoll shaman (D:5)
  4 orc wizards
  Jessica (D:3)
  2 iguanas
  Ijyb (D:4)
  2 worker ants
  A hound zombie (D:7)
  A hound skeleton (D:7)
  A howler monkey zombie (D:6)
  2 worker ant zombies
  7 gnolls
  9 adders
  2 shadow imps (D:8)
  An ooze (D:3)
  2 worms
  4 dart slugs
  2 leopard geckos
  10 orcs
  A ball python (D:4)
  3 bats
  4 giant cockroaches
  11 goblins
  11 hobgoblins
  15 jackals
  7 quokkas
  A frilled lizard (D:2)
  A jackal zombie (D:7)
  2 kobolds
  A leopard gecko zombie (D:5)
  5 rats
  A fungus (D:1)
165 creatures vanquished.

Notes
Turn   | Place    | Note
-------+----------+-------------------------------------------
     0 | D:1      | keltmir the Demonspawn Gladiator began the quest for the Orb.
     0 | D:1      | Reached XP level 1. HP: 16/16 MP: 1/1
   164 | D:1      | Reached skill level 3 in Polearms
   168 | D:1      | Gained mutation: You have large cloven feet. [demonic ancestry]
   168 | D:1      | Reached XP level 2. HP: 22/22 MP: 2/2
  1005 | D:2      | Found a stormy altar of Qazlal.
  1009 | D:2      | Became a worshipper of Qazlal Stormbringer
  1301 | D:2      | Gained mutation: You are partially covered in sharp spines. [demonic ancestry]
  1301 | D:2      | Reached XP level 3. HP: 22/28 MP: 3/3
  1314 | D:2      | Reached skill level 1 in Armour
  1383 | D:2      | Noticed a scorpion
  1445 | D:2      | Killed a scorpion
  1445 | D:2      | Reached skill level 1 in Invocations
  1445 | D:2      | Reached XP level 4. HP: 34/34 MP: 4/4
  2149 | D:3      | Noticed Jessica
  2158 | D:3      | Killed Jessica
  2158 | D:3      | Reached skill level 4 in Polearms
  2158 | D:3      | Gained mutation: You have a somewhat thin skeletal structure. (Dex +2, Stealth) [demonic ancestry]
  2158 | D:3      | Reached XP level 5. HP: 30/40 MP: 6/6
  2349 | D:3      | Found a shadowy altar of Dithmenos.
  2357 | D:3      | Reached * piety under Qazlal
  2371 | D:3      | HP: 1/41 [orc wizard/dagger of venom (4)]
  2699 | D:3      | Noticed Sigmund
  2718 | D:3      | Killed Sigmund
  2718 | D:3      | Reached XP level 6. HP: 22/47 MP: 6/8
  2892 | D:3      | Found a burning altar of Makhleb.
  2894 | D:3      | Reached skill level 5 in Polearms
  2969 | D:3      | Found a radiant altar of Vehumet.
  3248 | D:3      | Found a glowing silver altar of Zin.
  3288 | D:4      | Noticed Mgcat's ghost (novice GnTm)
  3607 | D:4      | Found an opulent altar of Gozag.
  3618 | D:4      | Gained mutation: You have a moderately thin skeletal structure. (Dex +4, Stealth+) [demonic ancestry]
  3618 | D:4      | Reached XP level 7. HP: 46/53 MP: 9/9
  3676 | D:4      | Found a sparkling altar of Nemelex Xobeh.
  3709 | D:4      | Found Gozag's Platinum Reserve.
  3789 | D:4      | Found Jebrotaw's General Store.
  3793 | D:4      | Bought a scroll of remove curse for 33 gold pieces
  3823 | D:4      | Noticed Ijyb
  3833 | D:4      | Killed Ijyb
  4409 | D:5      | Entered Level 5 of the Dungeon
  4493 | D:5      | Found Qune's Antique Weapon Boutique.
  4686 | D:5      | Found a white marble altar of Elyvilon.
  4917 | D:5      | Reached skill level 6 in Polearms
  5215 | D:5      | Found a snail-covered altar of Cheibriados.
  5312 | D:6      | Gained mutation: You are mostly covered in sharp spines. [demonic ancestry]
  5312 | D:6      | Reached XP level 8. HP: 55/61 MP: 11/11
  5374 | D:6      | Reached skill level 5 in Invocations
  5496 | D:6      | Found a glowing golden altar of the Shining One.
  5626 | D:6      | Reached skill level 5 in Fighting
  5643 | D:6      | Reached ** piety under Qazlal
  5772 | D:6      | Reached skill level 7 in Polearms
  5857 | D:6      | Found a shimmering altar of Xom.
  5859 | D:6      | Found a shimmering altar of Xom.
  5859 | D:6      | Found a sacrificial altar of Ru.
  5859 | D:6      | Found a shimmering altar of Xom.
  5888 | D:6      | Found a shimmering altar of Xom.
  5896 | D:6      | Found a shimmering altar of Xom.
  5896 | D:6      | Found a shimmering altar of Xom.
  5896 | D:6      | Found a shimmering altar of Xom.
  5897 | D:6      | Found a shimmering altar of Xom.
  5897 | D:6      | Found a shimmering altar of Xom.
  6097 | D:7      | Gained mutation: You have hoof-like feet. [demonic ancestry]
  6097 | D:7      | Reached XP level 9. HP: 47/68 MP: 13/13
  6474 | D:7      | Noticed Pikel
  6483 | D:7      | Killed Pikel
  6483 | D:7      | Reached *** piety under Qazlal
  6483 | D:7      | Reached skill level 8 in Polearms
  6483 | D:7      | Reached skill level 5 in Armour
  6550 | D:7      | Noticed Menkaure
  6561 | D:7      | Killed Menkaure
  6844 | D:7      | Found Ycajur's Antique Armour Boutique.
  7028 | D:7      | Found a staircase to the Ecumenical Temple.
  7405 | D:8      | Noticed a two-headed ogre
  7415 | D:8      | Killed a two-headed ogre
  7415 | D:8      | Reached skill level 9 in Polearms
  7415 | D:8      | Gained mutation: You have an unnaturally thin skeletal structure. (Dex +6, Stealth++) [demonic ancestry]
  7415 | D:8      | Reached XP level 10. HP: 64/77 MP: 14/16
  7470 | D:8      | Found Ufaharer's Distillery.
  7478 | D:8      | Bought a potion of heal wounds for 75 gold pieces
  7478 | D:8      | Bought a potion of lignification for 45 gold pieces
  7729 | D:8      | Noticed Eustachio
  7747 | D:8      | Killed Eustachio
  7792 | D:8      | Found an opulent altar of Gozag.
  7792 | D:8      | Noticed an oklob plant
  7816 | D:8      | Splashed by an oklob plant's acid

Skill      XL: |  1  2  3  4  5  6  7  8  9 |
---------------+----------------------------+-----
Polearms       | 3 4 5 6 7 9 |  9.2
Armour         | 1 2 3 4 5 |  5.9
Invocations    | 1 2 3 4 6 8 |  8.4
Fighting       | 3 4 5 6 |  6.9
Throwing       | |  1.7
Dodging        | |  2.6

Action                   |  1- 3 |  4- 6 |  7- 9 | 10-12 || total
-------------------------+-------+-------+-------+-------++-------
Melee: Trident           |    78 |   103 |   229 |    34 ||   444
       Kick              |    13 |    25 |    80 |    11 ||   129
Throw: Throwing net      |     1 |     4 |     2 |       ||     7
       Tomahawk          |       |    19 |    87 |    17 ||   123
Evoke: Wand              |       |       |     1 |       ||     1
  Use: Scroll            |     4 |     4 |    12 |       ||    20
       Potion            |       |     1 |     2 |       ||     3
 Stab: Held in net/web   |     1 |       |     2 |       ||     3
  Eat: Chunk             |     2 |     5 |     7 |     1 ||    15
       Ration            |       |       |     2 |       ||     2
Armor: Leather armour    |    15 |    13 |     1 |       ||    29
       Ring mail         |       |       |    50 |     3 ||    53
Dodge: Dodged            |    34 |    41 |    89 |    12 ||   176
Block: Other             |       |       |    13 |     1 ||    14
